 Dungeon Crawl Stone Soup version 0.19.5 (webtiles) character file.

121673 Mesmaeker13 the Warrior (level 16, -10/157 HPs)
             Began as a Minotaur Berserker on Apr 13, 2017.
             Was a High Priest of Trog.
             Hit by a javelin of penetration thrown by a merfolk javelineer (17 damage)
             ... on level 1 of the Shoals.
             The game lasted 01:18:14 (33094 turns).

Mesmaeker13 the Warrior (Minotaur Berserker)       Turns: 33094, Time: 01:18:14

Health: -10/157    AC: 21    Str: 39    XL:     16   Next: 32%
Magic:  12/12      EV: 11    Int:  7    God:    Trog [*****.]
Gold:   738        SH:  0    Dex:  8    Spells: 0 memorised, 15 levels left

rFire  + . .     SeeInvis +     s - +7 broad axe of Trog's Wrath {freeze, rElec rF+ Stlth+}
rCold  + . .     Gourm    +     V - +0 ice dragon scales
rNeg   . . .     Faith    .     (no shield)
rPois  .         Spirit   .     d - +0 hat {SInv}
rElec  +         Reflect  .     w - +1 cloak
rCorr  .         Harm     .     D - +0 pair of gloves
MR     ++...                    (no boots)
Stlth  ..........               n - amulet of the gourmand
                                Q - ring of protection from magic
                                F - ring "Luyr" {Fire MP-9 Str+9}

@: no status effects
A: retaliatory headbutt, horns 2, clever 1, clumsy 1, strong 1
a: Berserk, Trog's Hand, Brothers in Arms, Burn Spellbooks, Renounce Religion


You were on level 1 of the Shoals.
You worshipped Trog.
Trog was extremely pleased with you.
You were full.

You visited 4 branches of the dungeon, and saw 25 of its levels.
You also visited: Ice Cave.

You collected 2253 gold pieces.
You spent 1515 gold pieces at shops.

Inventory:

Hand Weapons
 s - the +7 broad axe of Trog's Wrath (weapon) {freeze, rElec rF+ Stlth+}
   (Trog gifted it to you on level 12 of the Dungeon)

   It has been specially enchanted to freeze those struck by it, causing extra
   injury to most foes and up to half again as much damage against particularly
   susceptible opponents.
   It can also slow down cold-blooded creatures.
   It protects you from fire.
   It insulates you from electricity.
   It makes you more stealthy.
 z - a +0 antimagic battleaxe
Missiles
 g - 12 silver tomahawks (quivered)
 j - 42 tomahawks
Armour
 d - a +0 hat of see invisible (worn)
 l - a +1 plate armour of fire resistance
 w - a +1 cloak (worn)
 D - a +0 pair of gloves (worn)
 V - +0 ice dragon scales (worn)
Jewellery
 a - a cursed -2 ring of strength {unknown}
 n - an amulet of the gourmand (around neck)
 F - the ring "Luyr" (left hand) {Fire MP-9 Str+9}
   (You acquired it on level 1 of the Orcish Mines)

   [ring of fire]

   It enhances your fire magic.
   It affects your strength (+9).
   It protects you from fire.
   It makes you vulnerable to cold.
   It affects your magic capacity (-9).
 Q - a ring of protection from magic (right hand)
Wands
 b - a wand of slowing (4/48)
 c - a wand of disintegration (11/24)
 y - a wand of teleportation (5/9)
 C - a wand of polymorph (0/24)
 G - a wand of iceblast (3/15)
 L - a wand of lightning (7/15)
Scrolls
 e - 8 scrolls of remove curse
 h - a scroll of identify
 m - a scroll of magic mapping
 o - 8 scrolls of teleportation
 p - a scroll of enchant weapon
 r - a scroll of silence
 u - 4 scrolls of blinking
 x - 3 scrolls of fear
 E - 6 scrolls of fog
 H - 6 scrolls of enchant armour
Potions
 f - 9 potions of curing
 t - 3 potions of heal wounds
 v - 5 potions of resistance
 A - a potion of magic
 M - a potion of invisibility
 O - 4 potions of flight
 S - a potion of lignification
 W - a potion of agility
 Y - a potion of haste
Miscellaneous
 Z - a lamp of fire
Comestibles
 i - a royal jelly
 k - 2 slices of pizza
 q - 5 beef jerkies


   Skills:
 + Level 18.1 Fighting
 + Level 17.9 Axes
   Level 9.2 Bows
 + Level 18.1 Armour
 - Level 2.1 Dodging
 - Level 8.0 Evocations


You had 15 spell levels left.
You didn't know any spells.

Dungeon Overview and Level Annotations

Branches:
Dungeon (15/15)            Temple (0/1) D:5            Lair (6/6) D:11
 Shoals (2/4) Lair:2        Snake (0/4) Lair:3        Slime (0/5) Lair:6
    Orc (2/2) D:10            Elf (0/3) Orc:2        Vaults (0/5) D:14
 Depths (0/5) D:15

Altars:
Fedhas
Nemelex Xobeh
Okawaru
Trog
Vehumet
Beogh
Jiyva

Shops:
D:7 (   D:12 ?:!?   Orc:1 ?   Orc:2 ([*((   Shoals:1 ?

Annotations:
D:9 Prince Ribbit
Lair:1 exclusion: 3 oklob plants


Innate Abilities, Weirdness & Mutations

You reflexively headbutt those who attack you in melee.
You have a pair of horns on your head.
Your mind is acute. (Int +2)
You are clumsy. (Dex -2)
Your muscles are strong. (Str +2)


Message History

* * * LOW HITPOINT WARNING * * *
You hear a splash.
The merfolk javelineer throws a javelin of penetration.
The javelin of penetration pierces through you!
* * * LOW HITPOINT WARNING * * *
The merfolk javelineer throws a javelin of penetration.
The javelin of penetration pierces through you but does no damage.
The merfolk javelineer closely misses you.
The merfolk javelineer throws a javelin of penetration.
The javelin of penetration pierces through you!!
* * * LOW HITPOINT WARNING * * *
You slash the merfolk javelineer! You freeze the merfolk javelineer.
Your headbutt misses the merfolk javelineer.
The merfolk javelineer is moderately wounded.
You slice the merfolk javelineer!! You freeze the merfolk javelineer.
You headbutt the merfolk javelineer!!
The merfolk javelineer is severely wounded.
The merfolk javelineer throws a javelin of penetration.
The javelin of penetration pierces through you!
You die...

≈≈≈≈≈..≈.####...≈.........≈≈≈≈≈
.≈≈≈≈....## #.....≈......≈≈.≈≈≈
.......≈..###..≈≈≈>.##≈≈≈≈≈.≈≈≈
...≈≈≈≈≈≈......≈≈≈..##≈≈≈≈..≈≈≈
....≈≈≈≈≈.≈≈≈≈≈.≈≈≈...≈≈≈...≈≈≈
#.....≈≈≈..≈≈.≈≈≈≈≈≈.≈≈.....≈≈≈
##.....≈......≈≈≈≈≈..≈(......≈≈≈
##.##...##.......≈≈.....#...≈≈≈≈
...###...##....m@.≈...(##...≈≈≈≈
......≈≈...................≈≈≈≈≈≈
.#.....≈....≈..##.......≈≈..≈≈≈≈≈
####..≈≈....≈≈.##..≈....≈≈.≈≈≈≈≈≈
# #..≈≈...........≈>...≈..≈≈≈≈≈≈
#..≈≈≈..≈≈.≈≈≈≈≈≈≈..≈≈≈≈≈≈≈≈≈≈
#..≈≈≈≈≈≈≈≈≈≈≈≈≈≈≈≈≈≈≈≈≈≈≈≈≈≈≈
#.....≈≈≈≈≈≈≈≈≈≈≈.≈≈.≈≈≈≈≈≈≈≈≈
####..≈≈≈≈≈≈≈≈≈≈≈≈≈≈≈≈≈≈≈≈≈≈≈≈≈≈≈


You could see a merfolk javelineer.

Vanquished Creatures
  Agnes (D:15)
  Gastronok (Lair:3)
  Kirke (D:13)
  Roxanne (D:15)
  2 orc warlords
  The ghost of Inarius the Cleaver, a journeyman MiFi of Hepliaklqana (IceCv)
  5 dire elephants (Lair:6)
  The ghost of Turgon the Fighter, a journeyman DsGl of Ashenzari (Lair:6)
  A merfolk impaler (Shoals:2)
  A merfolk javelineer (Shoals:2)
  An ice dragon (D:12)
  Erolcha (Orc:2)
  An anaconda (Lair:6)
  4 hydras
  A catoblepas (D:15)
  5 centaur warriors
  A merfolk aquamancer (Shoals:2)
  2 dancing weapons (D:14)
  A tengu warrior (D:14)
  2 orc high priests
  6 death yaks
  4 sea snakes
  An unseen horror (D:15)
  A necromancer (IceCv)
  7 hill giants
  A lindwurm (Lair:3)
  4 harpies (Shoals:2)
  3 wolf spider zombies (D:15)
  2 orc knights (Orc:2)
  2 phantasmal warriors (D:15)
  11 ugly things
  A wolf spider (D:15)
  4 orc sorcerers
  12 fauns
  6 cyclopes
  9 manticores
  A deep elf mage (D:11)
  8 elephants
  An ice statue (IceCv)
  4 sirens
  A spectral centaur (D:15)
  2 water nymphs (Shoals:1)
  6 black mambas
  Psyche (D:8)
  A torpor snail (Lair:2)
  2 gargoyles (D:14)
  13 spiny frogs
  A redback zombie (D:15)
  2 kobold demonologists (D:12)
  3 rime drakes
  7 komodo dragons
  A komodo dragon (shapeshifter) (D:15)
  10 freezing wraiths
  An efreet (D:15)
  A tengu conjurer (D:14)
  2 hornets
  3 trolls
  5 polar bears
  8 merfolk
  A wolf spider simulacrum (IceCv)
  3 slime creatures (D:15)
  A wind drake (Shoals:1)
  4 snapping turtles
  A hornet (shapeshifter) (D:14)
  14 hippogriffs
  16 blink frogs
  A spriggan (D:11)
  A shadow (D:14)
  2 vampires
  5 water elementals
  A yak (shapeshifter) (D:15)
  38 yaks
  2 wraiths
  6 wyverns
  A death yak simulacrum (IceCv)
  Grum (D:8)
  2 hungry ghosts
  3 basilisks
  7 hogs (D:13)
  A steam dragon (D:8)
  2 mottled dragons
  3 nagas (Lair:3)
  A warg (Orc:1)
  11 water moccasins
  A floating eye (shapeshifter) (D:15)
  40 orc warriors
  11 porcupines
  An eye of draining (D:13)
  13 ice beasts
  A phantom (D:7)
  3 black bears
  2 sky beasts
  The ghost of abbott299 the Chopper, an amateur DrWr (D:3)
  8 centaurs
  10 ogres
  4 boggarts (D:15)
  3 necrophages
  20 wolves
  8 crocodiles
  6 big kobolds
  A wyvern zombie (D:8)
  24 bullfrogs
  3 scorpions
  A wyvern skeleton (D:15)
  5 howler monkeys
  2 oklob saplings (D:9)
  5 wights (D:7)
  2 electric eels (Lair:5)
  5 crimson imps
  3 draconian simulacra (IceCv)
  3 bullfrog zombies
  8 hounds
  2 quasits
  4 centaur skeletons
  3 centaur zombies
  3 jellies
  6 iguanas
  23 orc priests
  4 bullfrog skeletons
  Ijyb (D:3)
  29 orc wizards
  12 worker ants
  A spriggan simulacrum (IceCv)
  6 troll simulacra (IceCv)
  2 wolf simulacra (IceCv)
  A hound skeleton (D:9)
  7 gnolls (D:5)
  16 adders
  A howler monkey skeleton (D:11)
  2 naga simulacra (IceCv)
  2 ogre simulacra (IceCv)
  4 shadow imps
  19 white imps
  4 oozes
  2 adder skeletons
  An adder zombie (D:7)
  4 worms
  6 leopard geckos
  125 orcs
  8 giant cockroaches
  15 goblins
  3 hobgoblins
  15 jackals
  5 quokkas
  8 ball pythons
  9 bats
  4 frilled lizards
  26 kobolds
  A leopard gecko skeleton (D:5)
  A quokka skeleton (D:4)
  18 rats
  3 fungi
  7 plants
927 creatures vanquished.

Vanquished Creatures (collateral kills)
  2 hydras (Lair:6)
  A death knight (D:15)
  A freezing wraith (IceCv)
  A troll (D:15)
  A water moccasin (Lair:6)
  An ice beast (IceCv)
  A troll simulacrum (IceCv)
  2 spriggan simulacra (IceCv)
  A centaur simulacrum (IceCv)
  2 naga simulacra (IceCv)
  5 white imps (IceCv)
18 creatures vanquished.

Vanquished Creatures (others)
  An unseen horror (D:11)
  A howler monkey zombie (D:11)
  An adder (D:11)
  2 fungi
  5 plants
10 creatures vanquished.

Grand Total: 955 creatures vanquished

Notes
Turn   | Place    | Note
-------+----------+-------------------------------------------
     0 | D:1      | Mesmaeker13 the Minotaur Berserker began the quest for the Orb.
     0 | D:1      | Reached XP level 1. HP: 19/19 MP: 0/0
   596 | D:2      | Reached XP level 2. HP: 27/27 MP: 1/1
   892 | D:2      | Found a sparkling altar of Nemelex Xobeh.
  1038 | D:2      | Reached XP level 3. HP: 33/33 MP: 2/2
  1517 | D:2      | Reached ** piety under Trog
  2133 | D:3      | Noticed abbott299's ghost (amateur DrWr)
  2151 | D:3      | Killed abbott299's ghost
  2151 | D:3      | Reached XP level 4. HP: 41/41 MP: 3/3
  2151 | D:3      | Reached XP level 5. HP: 47/47 MP: 4/4
  2181 | D:3      | Reached skill level 5 in Fighting
  2212 | D:3      | Reached skill level 5 in Axes
  2401 | D:3      | Noticed Ijyb
  2433 | D:3      | Killed Ijyb
  2890 | D:3      | Reached XP level 6. HP: 35/56 MP: 5/5
  3091 | D:3      | Reached *** piety under Trog
  3283 | D:4      | Reached skill level 5 in Armour
  3747 | D:4      | Reached XP level 7. HP: 63/64 MP: 6/6
  5302 | D:5      | Entered Level 5 of the Dungeon
  5743 | D:5      | Found a staircase to the Ecumenical Temple.
  5861 | D:5      | Reached XP level 8. HP: 65/73 MP: 7/7
  5962 | D:5      | Reached **** piety under Trog
  5962 | D:5      | Reached skill level 1 in Evocations
  6273 | D:5      | Found a radiant altar of Vehumet.
  6688 | D:6      | Noticed a hill giant
  6707 | D:6      | Killed a hill giant
  7072 | D:6      | Reached XP level 9. HP: 75/82 MP: 10/10
  7464 | D:7      | Found Qeddaefoa's Weapon Shoppe.
  7859 | D:7      | Got a scorched quarterstaff
  8088 | D:8      | Reached ***** piety under Trog
  8407 | D:8      | Noticed Psyche
  8414 | D:8      | Killed Psyche
  8414 | D:8      | Reached skill level 10 in Fighting
  8414 | D:8      | Reached XP level 10. HP: 81/93 MP: 12/12
  8486 | D:8      | Reached skill level 5 in Evocations
  8489 | D:8      | Noticed Grum
  8495 | D:8      | Reached skill level 10 in Axes
  8501 | D:8      | Killed Grum
  8732 | D:8      | Noticed a moth of wrath
  8749 | D:8      | Found a bloodstained altar of Trog.
  9822 | D:9      | Reached skill level 10 in Armour
  9985 | D:9      | Noticed Prince Ribbit
 10280 | D:10     | Entered Level 10 of the Dungeon
 10314 | D:10     | Found a staircase to the Orcish Mines.
 10826 | D:10     | Received a gift from Trog
 10984 | D:10     | Noticed an eight-headed hydra
 10999 | D:10     | Killed an 11-headed hydra
 10999 | D:10     | Reached XP level 11. HP: 97/102 MP: 14/14
 11018 | D:10     | Noticed a hill giant
 11058 | D:10     | Killed a hill giant
 11245 | D:11     | Killed an unseen horror
 12013 | D:11     | Found a staircase to the Lair.
 12107 | D:11     | Noticed a deep elf mage
 12113 | D:11     | Killed a deep elf mage
 12147 | D:11     | Noticed a seven-headed hydra
 12154 | D:11     | Killed a ten-headed hydra
 12340 | D:11     | Noticed a white ugly thing
 12352 | D:11     | Killed a white ugly thing
 12671 | D:12     | Found Xolit's Distillery.
 12690 | D:12     | Bought a potion of might for 60 gold pieces
 12906 | D:12     | Noticed an ice dragon
 12976 | D:12     | Killed an ice dragon
 13148 | D:12     | Got the broad axe of the Nine Lies {freeze}
 13149 | D:12     | Identified the cursed +1 broad axe of the Nine Lies {freeze, rElec} (You found it on level 12 of the Dungeon)
 13185 | D:12     | Identified the cursed +1 quarterstaff of Instinct {crush, rC+ SInv Stlth+} (You found it on level 7 of the Dungeon)
 13263 | D:12     | Reached XP level 12. HP: 95/113 MP: 16/16
 13683 | D:12     | Found Kinexifo's Magic Scroll Shop.
 13706 | D:12     | Bought a scroll of identify for 30 gold pieces
 13706 | D:12     | Bought a scroll of identify for 30 gold pieces
 13708 | D:12     | Bought a scroll of identify for 30 gold pieces
 13708 | D:12     | Bought a scroll of identify for 30 gold pieces
 13877 | D:12     | Found Bawi's Jewellery Shop.
 13937 | D:12     | Received a gift from Trog
 13940 | D:12     | Noticed a six-headed hydra
 13955 | D:12     | Killed a six-headed hydra
 13963 | D:12     | Got an ichor-stained broad axe {god gift}
 13965 | D:12     | Identified the +7 broad axe of Trog's Wrath {freeze, rElec rF+ Stlth+} (Trog gifted it to you on level 12 of the Dungeon)
 14059 | D:12     | Found Sommyov's Book Shop.
 14080 | D:12     | Found Imuozel's Magic Scroll Shop.
 14088 | D:12     | Bought a scroll of enchant armour for 105 gold pieces
 14528 | D:13     | Reached skill level 1 in Bows
 14615 | D:13     | Noticed a centaur warrior
 14621 | D:13     | Killed a centaur warrior
 14737 | D:13     | Noticed Kirke
 14811 | D:13     | Killed Kirke
 15363 | D:14     | Found a gate to the Vaults.
 15746 | D:14     | Reached skill level 5 in Bows
 15746 | D:14     | Reached XP level 13. HP: 93/123 MP: 18/18
 16453 | D:14     | Reached ****** piety under Trog
 16496 | D:15     | Entered Level 15 of the Dungeon
 16496 | D:15     | Found an iron altar of Okawaru.
 16554 | D:15     | Noticed Agnes
 16572 | D:15     | Killed Agnes
 17180 | Lair:1   | Entered Level 1 of the Lair of Beasts
 17208 | Lair:1   | Received a gift from Trog
 17511 | Lair:1   | Received a gift from Trog
 18270 | Lair:1   | Got a brightly glowing rapier
 18276 | Lair:1   | Identified the +11 rapier of Nacasuri {holy, MR+ Stlth+} (You found it on level 1 of the Lair of Beasts)
 19026 | D:15     | Reached skill level 15 in Fighting
 19123 | D:15     | Reached XP level 14. HP: 99/135 MP: 19/19
 19391 | D:15     | Noticed Roxanne
 19414 | D:15     | Killed Roxanne
 19415 | D:15     | Identified Roxanne's Reference Book on Moulding (You took it off Roxanne on level 15 of the Dungeon)
 19795 | D:15     | Reached skill level 15 in Armour
 19907 | D:15     | Reached skill level 15 in Axes
 20361 | D:15     | Found a staircase to the Depths.
 21214 | D:9      | Found a blossoming altar of Fedhas.
 21471 | Lair:2   | Found a frozen archway.
 21498 | IceCv    | Entered an ice cave
 21520 | IceCv    | Received a gift from Trog
 21860 | IceCv    | Noticed Inarius's ghost (journeyman MiFi)
 21891 | IceCv    | Killed Inarius's ghost
 22017 | IceCv    | Found an ancient bone altar of Kikubaaqudgha.
 23115 | Lair:2   | Found a staircase to the Shoals.
 23813 | Lair:3   | Noticed Gastronok
 23841 | Lair:3   | Killed Gastronok
 23896 | Lair:3   | Found a staircase to the Snake Pit.
 24602 | Lair:4   | Received a gift from Trog
 25333 | Lair:5   | Reached XP level 15. HP: 136/144 MP: 20/20
 25703 | Lair:5   | You fall through a shaft!
 25703 | Lair:6   | Entered Level 6 of the Lair of Beasts
 26061 | Lair:6   | Received a gift from Trog
 26384 | Lair:6   | Noticed Turgon's ghost (journeyman DsGl)
 26384 | Lair:6   | Found a viscous altar of Jiyva.
 26384 | Lair:6   | Found a staircase to the Slime Pits.
 26410 | Lair:6   | Killed Turgon's ghost
 27891 | Orc:1    | Entered Level 1 of the Orcish Mines
 27904 | Orc:1    | Noticed an orc warlord
 27906 | Orc:1    | Received a gift from Trog
 27968 | D:10     | Killed an orc warlord
 28465 | Orc:2    | Entered Level 2 of the Orcish Mines
 28477 | Orc:2    | Received a gift from Trog
 28820 | Orc:2    | Found a staircase to the Elven Halls.
 28865 | Orc:2    | Noticed Erolcha
 28869 | Orc:2    | Killed Erolcha
 29154 | Orc:2    | Noticed an orc warlord
 29167 | Orc:2    | Killed an orc warlord
 29176 | Orc:2    | Gained mutation: Your muscles are strong. (Str +2) [a neqoxec]
 29342 | Orc:2    | Found Kissiow's Antique Weapon Shoppe.
 29343 | Orc:2    | Found a roughly hewn altar of Beogh.
 29344 | Orc:2    | Found Naxif's Antique Armour Emporium.
 29430 | Orc:2    | Received a gift from Trog
 29552 | Orc:2    | Found a roughly hewn altar of Beogh.
 29585 | Orc:2    | Found Yfipaxt's Weapon Boutique.
 29659 | Orc:2    | Found a roughly hewn altar of Beogh.
 29660 | Orc:2    | Found Zyehiuq's General Store.
 29682 | Orc:2    | Bought a potion of heal wounds for 50 gold pieces
 29682 | Orc:2    | Bought a scroll of identify for 20 gold pieces
 29777 | Orc:2    | Found a roughly hewn altar of Beogh.
 29811 | Orc:2    | Found a roughly hewn altar of Beogh.
 29892 | Orc:2    | Found Pygom's Weapon Emporium.
 29930 | Orc:2    | Found a roughly hewn altar of Beogh.
 29974 | Orc:1    | Found Eqado's Magic Scroll Shoppe.
 30003 | Orc:1    | Bought a scroll of enchant weapon for 112 gold pieces
 30003 | Orc:1    | Bought 2 scrolls of identify for 60 gold pieces
 30003 | Orc:1    | Bought a scroll of acquirement for 780 gold pieces
 30008 | Orc:1    | Got a slimy tin ring
 30009 | Orc:1    | Identified the ring "Luyr" {Fire MP-9 Str+9} (You acquired it on level 1 of the Orcish Mines)
 30280 | Shoals:1 | Entered Level 1 of the Shoals
 30706 | Shoals:1 | Gained mutation: Your mind is acute. (Int +2) [potion of beneficial mutation]
 30722 | Shoals:1 | Reached XP level 16. HP: 119/157 MP: 12/21
 30851 | Shoals:1 | Found Areot's Magic Scroll Shoppe.
 30860 | Shoals:1 | Bought a scroll of enchant armour for 142 gold pieces
 30860 | Shoals:1 | Bought a scroll of magic mapping for 66 gold pieces
 30890 | Shoals:1 | Received a gift from Trog
 32185 | Shoals:2 | Received a gift from Trog
 32495 | Shoals:1 | Gained mutation: You are agile. (Dex +2) [potion of mutation]
 32495 | Shoals:1 | Lost mutation: You are agile. (Dex +2) [potion of mutation]
 32495 | Shoals:1 | Gained mutation: You are clumsy. (Dex -2) [potion of mutation]
 33092 | Shoals:1 | HP: 7/157 [merfolk javelineer/javelin of penetration (19)]
 33094 | Shoals:1 | Hit by a javelin of penetration thrown by a merfolk javelineer

Skill      XL: |  1  2  3  4  5  6  7  8  9 10 11 12 13 14 15 16 |
---------------+-------------------------------------------------+-----
Fighting       | 4 5 6 7 8 10 11 12 13 15 16 17 18 | 18.1
Axes           | 4 5 6 7 8 9 11 12 13 14 16 17 | 17.9
Armour         | 3 4 5 6 8 9 11 12 13 14 16 17 18 | 18.1
Evocations     | 3 4 6 7 8 |  8.0
Bows           | 5 7 9 |  9.2
Dodging        | |  2.1

Action                   |  1- 3 |  4- 6 |  7- 9 | 10-12 | 13-15 | 16-18 || total
-------------------------+-------+-------+-------+-------+-------+-------++-------
Melee: Hand axe          |    81 |   142 |   212 |       |       |       ||   435
       Headbutt          |    12 |    25 |    65 |   127 |   289 |    28 ||   546
       Battleaxe         |       |       |    84 |   360 |       |       ||   444
       Broad axe         |       |       |       |   235 |  1084 |   114 ||  1433
       Executioner's axe |       |       |       |       |    16 |       ||    16
Throw: Tomahawk          |     1 |     5 |     5 |     1 |       |       ||    12
       Throwing net      |       |       |     3 |     3 |       |     1 ||     7
Invok: Berserk           |     5 |     5 |    10 |     8 |    18 |     1 ||    47
       Trog's Hand       |     1 |       |     1 |     4 |    10 |     3 ||    19
       Burn Spellbooks   |       |       |       |     1 |     5 |     1 ||     7
       Brothers in Arms  |       |       |       |       |     5 |       ||     5
Evoke: Wand              |       |       |     4 |     9 |     1 |    11 ||    25
  Use: Potion            |       |     1 |       |     3 |     2 |     2 ||     8
       Scroll            |       |       |    12 |    11 |    19 |       ||    42
 Stab: Sleeping          |     1 |     1 |       |       |       |       ||     2
       Paralysed         |       |       |     6 |       |       |       ||     6
       Held in net/web   |       |       |       |     1 |       |       ||     1
  Eat: Chunk             |     7 |     6 |    16 |    34 |    64 |     6 ||   133
       Bread ration      |       |     1 |     2 |       |     1 |       ||     4
       Pizza             |       |       |       |     1 |     1 |       ||     2
       Meat ration       |       |       |       |       |     2 |       ||     2
Armor: Animal skin       |    16 |    21 |     3 |       |       |       ||    40
       Chain mail        |       |       |   138 |     1 |       |       ||   139
       Plate armour      |       |       |       |   259 |       |       ||   259
       Ice dragon scales |       |       |       |   138 |   540 |    85 ||   763
Dodge: Dodged            |    58 |    90 |   118 |   288 |   482 |    64 ||  1100
